Jets vs BlackHawks

Created - September-29-14 at 17:08

Simulating a Pre-Season

Goals
1 2 3 T
Jets 1 1 1 3
BlackHawks 2 0 0 2
Shots
1 2 3 T
Jets 17 13 7 37
BlackHawks 8 19 10 37

1st period

1. Jets , Jamie Benn 4 (Joe Pavelski) at 2:57
2. BlackHawks , Dion Phaneuf 2 (Dwight King, Travis Hamonic) at 3:51 (PP)
3. BlackHawks , Brandon Bollig 3 (Trevor Lewis, Patrick Bordeleau) at 8:07

Penalties :
Corey Perry (WPG) for Checking from behind (Major / Game Misconduct) at 3:01, Kevin Bieksa (CHI) for High sticking (Minor) at 15:31, Jared Boll (CHI) for Holding (Minor) at 17:49

2nd period

4. Jets , Andre Benoit 1 (Jamie Benn, Joe Pavelski) at 10:56

Penalties :
Troy Brouwer (WPG) for Holding (Minor) at 0:49, Kevin Bieksa (CHI) for Interference (Minor) at 11:53, Anders Lee (WPG) for Interference (Minor) at 11:53, Luke Schenn (CHI) for Tripping (Minor) at 12:46

3rd period

5. Jets , Jason Garrison 1 (Pascal Dupuis, Nicklas Grossmann) at 2:12

Penalties :
Dion Phaneuf (CHI) for Roughing (Minor) at 2:35, Douglas Murray (CHI) for Slashing (Minor) at 4:46, Andre Benoit (WPG) for Roughing (Minor) at 10:31, Pascal Dupuis (WPG) for Hooking (Minor) at 14:31

Goalie Stats

Tim Thomas (WPG), 35 saves from 37 shots - (0.946), W, 2-0-0, 60:00 minutes
Eddie Lack (CHI), 34 saves from 37 shots - (0.919), L, 1-2-0, 58:24 minutes

Players Stats for Jets

Player Name              G  A  P  +/- PIM S  H  SB GA TA FO     MP     PP MP  PK MP  
------------------------------------------------------------------------------------
Anders Lee               0  0  0   1  2   1  2  0  0  0  1/2    21:11   4:46   1:08 
Andre Benoit             1  0  1   2  2   3  0  1  0  0  0/0    19:17   4:30   2:54 
Boyd Gordon              0  0  0   0  0   0  0  0  0  0  7/22   14:31   0:00   7:18 
Connor Murphy            0  0  0   0  0   2  0  4  0  0  0/0    24:46   4:19   4:44 
Corey Perry              0  0  0   0  15  0  0  0  0  0  0/0     0:54   0:00   0:00 
Henrik Sedin             0  0  0   1  0   3  1  0  0  0  16/28  20:27   4:46   0:00 
Jamie Benn               1  1  2   1  0   6  3  0  0  0  4/4    19:00   4:03   2:44 
Jason Garrison           1  0  1   0  0   2  1  0  0  0  0/0    19:10   4:30   1:09 
Joe Pavelski             0  2  2   1  0   5  1  0  0  0  14/28  19:01   4:03   0:51 
Jonathan Ericsson        0  0  0   2  0   0  2  1  0  0  0/0    17:19   0:00   5:56 
Josh Bailey              0  0  0   0  0   1  0  0  0  0  0/0     3:36   0:00   0:22 
Kimmo Timonen            0  0  0   0  0   4  0  2  0  0  0/0    24:25   4:19   5:46 
Matt Read                0  0  0   0  0   2  0  0  0  0  1/4    19:30   0:00   8:02 
Nick Bonino              0  0  0   0  0   3  0  0  0  0  4/6    21:53   4:03   0:00 
Nicklas Grossmann        0  1  1   0  0   0  2  3  0  0  0/0    12:47   0:00   0:09 
Pascal Dupuis            0  1  1   1  2   5  1  0  0  0  0/0     9:42   0:00   1:27 
Ron Hainsey              0  0  0   0  0   0  0  0  0  0  0/0     2:15   0:00   1:14 
Troy Brouwer             0  0  0   1  2   0  5  0  0  0  0/2    17:16   4:46   0:00 

Players Stats for BlackHawks

Player Name              G  A  P  +/- PIM S  H  SB GA TA FO     MP     PP MP  PK MP  
------------------------------------------------------------------------------------
Alex Galchenyuk          0  0  0   0  0   6  0  1  0  0  0/0    19:14   5:26   0:00 
Brandon Bollig           1  0  1  -1  0   2  1  0  0  0  1/3    10:44   0:12   3:34 
Brenden Morrow           0  0  0   0  0   0  1  0  0  0  1/2    11:55   5:18   0:00 
Dion Phaneuf             1  0  1   0  2   10 5  6  0  0  0/0    28:38   7:15   5:00 
Douglas Murray           0  0  0   0  2   1  2  1  0  0  0/0    12:13   0:37   0:10 
Dwight King              0  1  1  -1  0   1  1  0  0  0  2/2    17:36   5:30   0:00 
Eric Nystrom             0  0  0   0  0   0  1  0  0  0  0/0    11:32   0:00   5:15 
Jared Boll               0  0  0   0  2   0  5  0  0  0  2/2    12:54   0:00   0:00 
Jordan Staal             0  0  0   0  0   4  1  0  0  0  18/35  19:52   5:26   0:38 
Kevin Bieksa             0  0  0  -2  4   1  2  0  0  0  0/0    22:47   6:51   3:45 
Lars Eller               0  0  0  -1  0   1  2  0  0  0  12/23  17:56   5:30   0:00 
Luke Schenn              0  0  0   0  2   1  0  1  0  0  0/0    10:54   0:00   0:00 
Matt Greene              0  0  0  -2  0   1  2  2  0  0  0/0    18:12   2:05   3:54 
Nathan Horton            0  0  0  -1  0   2  1  0  0  0  0/1    17:32   5:26   0:00 
Patrick Bordeleau        0  1  1  -1  0   0  0  0  0  0  0/0     6:38   0:00   0:00 
Travis Hamonic           0  1  1   0  0   5  0  1  0  0  0/0    27:11   5:04   7:01 
Trevor Lewis             0  1  1  -1  0   2  0  0  0  0  6/15   10:40   0:00   4:02 
Zack Smith               0  0  0   0  0   0  1  0  0  0  7/13   11:32   0:00   5:15 

3 Stars

1 - Jamie Benn (WPG)
2 - Dion Phaneuf (CHI)
3 - Tim Thomas (WPG)

Power Play

Jets - 0 on 5 Attempt(s) - 0.00%
BlackHawks - 1 on 5 Attempt(s) - 20.00%

Penalty Kill

Jets - 4 on 5 Attempt(s) - 80.00% - Score 0 goal in Penalty Kill
BlackHawks - 5 on 5 Attempt(s) - 100.00% - Score 0 goal in Penalty Kill

Official

Referees : Dan O'Rourke and Tim Peel
Linesman : Derek Nansen and Brian Mach

Game Notes

Corey Perry ejected from game at 3:01 of 1st period
Ron Hainsey is injured at 5:13 of 1st period (Left Hip)

% Time on Ice - Jets

Lines # - Real PCT - Wanted PCT - Time Play
Normal Forward
1 - 41% - 40% - 15:18
2 - 31% - 35% - 11:50
3 - 9% - 19% - 3:14
4 - 19% - 6% - 7:13
Normal Defense
1 - 34% - 43% - 12:44
2 - 27% - 34% - 10:19
3 - 18% - 13% - 6:57
4 - 20% - 10% - 7:35
PP Forward
1 - 46% - 60% - 4:03
2 - 54% - 40% - 4:46
PP Defense
1 - 49% - 70% - 4:19
2 - 51% - 30% - 4:30
PK Forward
1 - 92% - 75% - 10:05
2 - 8% - 25% - 0:51
PK Defense
1 - 53% - 60% - 5:46
2 - 47% - 40% - 5:10
PK3 Forward
1 - 0% - 70%
2 - 0% - 30%
PK3 Defense
1 - 0% - 60%
2 - 0% - 40%
44 Forward
1 - 81% - 51% - 1:36
2 - 19% - 49% - 0:23
44 Defense
1 - 81% - 51% - 1:36
2 - 19% - 49% - 0:23
Last Minute Offensive  - 0:00
Last Minute Defensive  - 0:41
Total
Forward - 60:00
Defense - 60:00

% Time on Ice - BlackHawks

Lines # - Real PCT - Wanted PCT - Time Play
Normal Forward
1 - 34% - 33% - 12:55
2 - 32% - 33% - 12:06
3 - 17% - 17% - 6:17
4 - 17% - 17% - 6:38
Normal Defense
1 - 38% - 47% - 14:36
2 - 31% - 30% - 11:53
3 - 28% - 23% - 10:32
4 - 2% - 0% - 0:55
PP Forward
1 - 50% - 55% - 5:26
2 - 50% - 45% - 5:30
PP Defense
1 - 63% - 60% - 6:51
2 - 37% - 40% - 4:05
PK Forward
1 - 60% - 55% - 5:15
2 - 40% - 45% - 3:34
PK Defense
1 - 46% - 55% - 4:05
2 - 54% - 45% - 4:44
PK3 Forward
1 - 58% - 50% - 0:38
2 - 42% - 50% - 0:28
PK3 Defense
1 - 0% - 55% - 0:00
2 - 100% - 45% - 1:06
44 Forward
1 - 100% - 55% - 0:53
2 - 0% - 45% - 0:00
44 Defense
1 - 57% - 55% - 0:30
2 - 43% - 45% - 0:23
Last Minute Offensive  - 0:20
Last Minute Defensive  - 0:00
Total
Forward - 60:00
Defense - 60:00

Play by Play

1st period


0:01 of 1st period - Anders Lee wins face-off versus Jordan Staal in neutral zone.
0:13 of 1st period - Icing by Dion Phaneuf.
0:14 of 1st period - Jordan Staal wins face-off versus Joe Pavelski in BlackHawks zone.
0:22 of 1st period - Dion Phaneuf is hit by Jonathan Ericsson.
0:25 of 1st period - Icing by Andre Benoit.
0:26 of 1st period - Lars Eller wins face-off versus Joe Pavelski in Jets zone.
0:29 of 1st period - Shot by Lars Eller.
0:29 of 1st period - Shot Misses the Net.
0:41 of 1st period - Shot by Joe Pavelski.
0:41 of 1st period - Stopped by Eddie Lack without a rebound.
0:42 of 1st period - Nick Bonino wins face-off versus Zack Smith in BlackHawks zone.
0:45 of 1st period - Shot by Josh Bailey.
0:45 of 1st period - Deflect By Nick Bonino.
0:45 of 1st period - Shot Misses the Net.
2:16 of 1st period - Off-side.
2:17 of 1st period - Joe Pavelski wins face-off versus Brandon Bollig in neutral zone.
2:42 of 1st period - Matt Greene is hit by Troy Brouwer and loses puck.
2:53 of 1st period - Shot by Jamie Benn.
2:53 of 1st period - Shot Misses the Net.
2:57 of 1st period - Shot by Jamie Benn.
2:57 of 1st period - Goal by Jamie Benn - Jets : 1 - BlackHawks : 0.
2:58 of 1st period - Jordan Staal wins face-off versus Anders Lee in neutral zone.
3:00 of 1st period - Off-side.
3:01 of 1st period - Jordan Staal wins face-off versus Henrik Sedin in neutral zone.
3:01 of 1st period - Major / Game Misconduct Penalty to Corey Perry for Checking from behind.
3:01 of 1st period - Corey Perry is ejected from game.
3:02 of 1st period - Jordan Staal wins face-off versus Boyd Gordon in Jets zone.
3:05 of 1st period - Shot by Kevin Bieksa.
3:05 of 1st period - Shot Misses the Net.
3:07 of 1st period - Shot by Jordan Staal.
3:07 of 1st period - Shot Misses the Net.
3:09 of 1st period - Shot by Alex Galchenyuk.
3:09 of 1st period - Stopped by Tim Thomas without a rebound.
3:10 of 1st period - Jordan Staal wins face-off versus Boyd Gordon in Jets zone.
3:39 of 1st period - Off-side.
3:40 of 1st period - Boyd Gordon wins face-off versus Lars Eller in neutral zone.
3:51 of 1st period - Shot by Dion Phaneuf.
3:51 of 1st period - Goal by Dion Phaneuf - Jets : 1 - BlackHawks : 1.
3:52 of 1st period - Dwight King wins face-off versus Boyd Gordon in neutral zone.
3:59 of 1st period - Shot by Travis Hamonic.
3:59 of 1st period - Stopped by Tim Thomas with a rebound.
4:15 of 1st period - Shot by Lars Eller.
4:15 of 1st period - Shot Blocked by Jonathan Ericsson.
4:21 of 1st period - Shot by Lars Eller.
4:21 of 1st period - Stopped by Tim Thomas without a rebound.
4:22 of 1st period - Jordan Staal wins face-off versus Boyd Gordon in Jets zone.
4:33 of 1st period - Shot by Matt Read.
4:33 of 1st period - Shot Blocked by Dion Phaneuf.
4:39 of 1st period - Matt Read is hit by Nathan Horton and loses puck.
4:44 of 1st period - Shot by Jordan Staal.
4:44 of 1st period - Shot Misses the Net.
4:46 of 1st period - Shot by Dion Phaneuf.
4:46 of 1st period - Shot Misses the Net.
4:48 of 1st period - Shot by Dion Phaneuf.
4:48 of 1st period - Stopped by Tim Thomas with a rebound.
4:50 of 1st period - Shot by Jordan Staal.
4:50 of 1st period - Shot Misses the Net.
4:52 of 1st period - Shot by Alex Galchenyuk.
4:52 of 1st period - Shot Blocked by Connor Murphy.
5:12 of 1st period - Ron Hainsey is hit by Brenden Morrow and loses puck.
5:13 of 1st period - Ron Hainsey from Jets is injured at 5:13 of 1st period (Left Hip).
5:14 of 1st period - Joe Pavelski wins face-off versus Lars Eller in Jets zone.
5:37 of 1st period - Shot by Matt Greene.
5:37 of 1st period - Shot Misses the Net.
5:39 of 1st period - Shot by Matt Greene.
5:39 of 1st period - Shot Misses the Net.
5:41 of 1st period - Shot by Matt Greene.
5:41 of 1st period - Shot Misses the Net.
5:43 of 1st period - Shot by Travis Hamonic.
5:43 of 1st period - Shot Misses the Net.
5:56 of 1st period - Shot by Travis Hamonic.
5:56 of 1st period - Shot Misses the Net.
6:33 of 1st period - Shot by Alex Galchenyuk.
6:33 of 1st period - Shot Blocked by Andre Benoit.
7:18 of 1st period - Icing by Jordan Staal.
7:19 of 1st period - Jordan Staal wins face-off versus Matt Read in BlackHawks zone.
8:05 of 1st period - Shot by Patrick Bordeleau.
8:05 of 1st period - Shot Misses the Net.
8:07 of 1st period - Shot by Trevor Lewis.
8:07 of 1st period - Deflect By Brandon Bollig.
8:07 of 1st period - Goal by Brandon Bollig - Jets : 1 - BlackHawks : 2.
8:08 of 1st period - Joe Pavelski wins face-off versus Trevor Lewis in neutral zone.
9:14 of 1st period - Jonathan Ericsson is hit by Zack Smith and loses puck.
9:22 of 1st period - Jonathan Ericsson is hit by Dion Phaneuf and loses puck.
10:04 of 1st period - Shot by Boyd Gordon.
10:04 of 1st period - Shot Misses the Net.
10:20 of 1st period - Shot by Pascal Dupuis.
10:20 of 1st period - Stopped by Eddie Lack without a rebound.
10:21 of 1st period - Joe Pavelski wins face-off versus Lars Eller in BlackHawks zone.
10:22 of 1st period - Shot by Nicklas Grossmann.
10:22 of 1st period - Shot Misses the Net.
10:28 of 1st period - Shot by Joe Pavelski.
10:28 of 1st period - Stopped by Eddie Lack without a rebound.
10:29 of 1st period - Lars Eller wins face-off versus Troy Brouwer in BlackHawks zone.
10:42 of 1st period - Shot by Lars Eller.
10:42 of 1st period - Shot Blocked by Nicklas Grossmann.
10:44 of 1st period - Shot by Travis Hamonic.
10:44 of 1st period - Stopped by Tim Thomas without a rebound.
10:45 of 1st period - Henrik Sedin wins face-off versus Jordan Staal in Jets zone.
12:03 of 1st period - Icing by Kimmo Timonen.
12:04 of 1st period - Joe Pavelski wins face-off versus Trevor Lewis in Jets zone.
12:13 of 1st period - Shot by Jamie Benn.
12:13 of 1st period - Stopped by Eddie Lack without a rebound.
12:14 of 1st period - Boyd Gordon wins face-off versus Zack Smith in BlackHawks zone.
12:21 of 1st period - Shot by Matt Read.
12:21 of 1st period - Shot Blocked by Dion Phaneuf.
12:34 of 1st period - Shot by Travis Hamonic.
12:34 of 1st period - Shot Misses the Net.
12:41 of 1st period - Zack Smith is hit by Jason Garrison and loses puck.
12:54 of 1st period - Shot by Dion Phaneuf.
12:54 of 1st period - Stopped by Tim Thomas without a rebound.
12:55 of 1st period - Henrik Sedin wins face-off versus Lars Eller in Jets zone.
13:32 of 1st period - Shot by Dwight King.
13:32 of 1st period - Shot Misses the Net.
14:14 of 1st period - Jordan Staal is hit by Troy Brouwer and loses puck.
14:19 of 1st period - Shot by Joe Pavelski.
14:19 of 1st period - Shot Misses the Net.
14:21 of 1st period - Shot by Jamie Benn.
14:21 of 1st period - Stopped by Eddie Lack without a rebound.
14:22 of 1st period - Boyd Gordon wins face-off versus Trevor Lewis in BlackHawks zone.
14:26 of 1st period - Matt Read is hit by Dion Phaneuf and loses puck.
14:46 of 1st period - Shot by Matt Read.
14:46 of 1st period - Stopped by Eddie Lack without a rebound.
14:47 of 1st period - Jamie Benn wins face-off versus Brenden Morrow in BlackHawks zone.
14:51 of 1st period - Jamie Benn is hit by Kevin Bieksa and loses puck.
15:07 of 1st period - Jamie Benn is hit by Matt Greene and loses puck.
15:20 of 1st period - Shot by Zack Smith.
15:20 of 1st period - Shot Misses the Net.
15:31 of 1st period - Minor Penalty to Kevin Bieksa for High sticking.
15:32 of 1st period - Trevor Lewis wins face-off versus Henrik Sedin in BlackHawks zone.
15:32 of 1st period - Trevor Lewis is hit by Troy Brouwer.
16:34 of 1st period - Shot by Jamie Benn.
16:34 of 1st period - Stopped by Eddie Lack without a rebound.
16:35 of 1st period - Joe Pavelski wins face-off versus Trevor Lewis in BlackHawks zone.
16:36 of 1st period - Shot by Jamie Benn.
16:36 of 1st period - Deflect By Joe Pavelski.
16:36 of 1st period - Shot Misses the Net.
16:38 of 1st period - Shot by Jamie Benn.
16:38 of 1st period - Shot Blocked by Dion Phaneuf.
16:40 of 1st period - Shot by Kimmo Timonen.
16:40 of 1st period - Shot Hit the Post.
16:42 of 1st period - Shot by Kimmo Timonen.
16:42 of 1st period - Stopped by Eddie Lack without a rebound.
16:43 of 1st period - Trevor Lewis wins face-off versus Joe Pavelski in BlackHawks zone.
17:16 of 1st period - Shot by Andre Benoit.
17:16 of 1st period - Shot Misses the Net.
17:34 of 1st period - Shot by Pascal Dupuis.
17:34 of 1st period - Stopped by Eddie Lack without a rebound.
17:35 of 1st period - Jordan Staal wins face-off versus Henrik Sedin in BlackHawks zone.
17:48 of 1st period - Shot by Jordan Staal.
17:48 of 1st period - Shot Misses the Net.
17:49 of 1st period - Minor Penalty to Jared Boll for Holding.
17:50 of 1st period - Zack Smith wins face-off versus Henrik Sedin in BlackHawks zone.
17:58 of 1st period - Icing by Connor Murphy.
17:59 of 1st period - Zack Smith wins face-off versus Henrik Sedin in Jets zone.
18:22 of 1st period - Shot by Henrik Sedin.
18:22 of 1st period - Shot Misses the Net.
18:54 of 1st period - Shot by Joe Pavelski.
18:54 of 1st period - Stopped by Eddie Lack without a rebound.
18:55 of 1st period - Zack Smith wins face-off versus Nick Bonino in BlackHawks zone.
19:16 of 1st period - Shot by Andre Benoit.
19:16 of 1st period - Stopped by Eddie Lack with a rebound.
19:18 of 1st period - Shot by Jamie Benn.
19:18 of 1st period - Shot Blocked by Dion Phaneuf.
19:26 of 1st period - Shot by Joe Pavelski.
19:26 of 1st period - Shot Misses the Net.
19:28 of 1st period - Shot by Andre Benoit.
19:28 of 1st period - Shot Misses the Net.
19:30 of 1st period - Shot by Andre Benoit.
19:30 of 1st period - Stopped by Eddie Lack without a rebound.
19:31 of 1st period - Henrik Sedin wins face-off versus Trevor Lewis in BlackHawks zone.
19:34 of 1st period - Shot by Kimmo Timonen.
19:34 of 1st period - Stopped by Eddie Lack with a rebound.
19:36 of 1st period - Shot by Connor Murphy.
19:36 of 1st period - Shot Misses the Net.
19:38 of 1st period - Shot by Connor Murphy.
19:38 of 1st period - Stopped by Eddie Lack with a rebound.
19:40 of 1st period - Shot by Connor Murphy.
19:40 of 1st period - Stopped by Eddie Lack with a rebound.
19:42 of 1st period - Shot by Henrik Sedin.
19:42 of 1st period - Stopped by Eddie Lack without a rebound.
19:43 of 1st period - Jamie Benn wins face-off versus Zack Smith in BlackHawks zone.
Goals for this period are 1 for Jets vs 2 for BlackHawks.
Shots for this period are 17 for Jets vs 8 for BlackHawks.

2nd period


0:01 of 2nd period - Henrik Sedin wins face-off versus Jordan Staal in neutral zone.
0:29 of 2nd period - Shot by Nick Bonino.
0:29 of 2nd period - Stopped by Eddie Lack without a rebound.
0:30 of 2nd period - Dwight King wins face-off versus Joe Pavelski in BlackHawks zone.
0:49 of 2nd period - Minor Penalty to Troy Brouwer for Holding.
0:50 of 2nd period - Jordan Staal wins face-off versus Boyd Gordon in Jets zone.
0:51 of 2nd period - Shot by Dion Phaneuf.
0:51 of 2nd period - Stopped by Tim Thomas without a rebound.
0:52 of 2nd period - Boyd Gordon wins face-off versus Lars Eller in Jets zone.
1:00 of 2nd period - Icing by Dwight King.
1:01 of 2nd period - Brenden Morrow wins face-off versus Boyd Gordon in BlackHawks zone.
1:36 of 2nd period - Kimmo Timonen is hit by Lars Eller.
2:06 of 2nd period - Shot by Alex Galchenyuk.
2:06 of 2nd period - Shot Misses the Net.
2:21 of 2nd period - Shot by Matt Greene.
2:21 of 2nd period - Stopped by Tim Thomas with a rebound.
2:23 of 2nd period - Shot by Travis Hamonic.
2:23 of 2nd period - Stopped by Tim Thomas without a rebound.
2:24 of 2nd period - Jordan Staal wins face-off versus Boyd Gordon in Jets zone.
2:35 of 2nd period - Shot by Kevin Bieksa.
2:35 of 2nd period - Shot Misses the Net.
2:37 of 2nd period - Shot by Dion Phaneuf.
2:37 of 2nd period - Shot Blocked by Connor Murphy.
2:39 of 2nd period - Shot by Dion Phaneuf.
2:39 of 2nd period - Stopped by Tim Thomas without a rebound.
2:40 of 2nd period - Lars Eller wins face-off versus Matt Read in Jets zone.
3:16 of 2nd period - Henrik Sedin is hit by Douglas Murray and loses puck.
3:45 of 2nd period - Shot by Zack Smith.
3:45 of 2nd period - Shot Misses the Net.
3:48 of 2nd period - Zack Smith is hit by Nicklas Grossmann and loses puck.
4:32 of 2nd period - Dion Phaneuf is hit by Anders Lee and loses puck.
4:41 of 2nd period - Shot by Nathan Horton.
4:41 of 2nd period - Stopped by Tim Thomas with a rebound.
4:43 of 2nd period - Shot by Dion Phaneuf.
4:43 of 2nd period - Stopped by Tim Thomas without a rebound.
4:44 of 2nd period - Joe Pavelski wins face-off versus Jordan Staal in Jets zone.
4:46 of 2nd period - Connor Murphy is hit by Jared Boll and loses puck.
4:51 of 2nd period - Troy Brouwer is hit by Jared Boll and loses puck.
5:46 of 2nd period - Icing by Luke Schenn.
5:47 of 2nd period - Matt Read wins face-off versus Lars Eller in BlackHawks zone.
6:19 of 2nd period - Andre Benoit is hit by Dwight King and loses puck.
7:00 of 2nd period - Shot by Brandon Bollig.
7:00 of 2nd period - Stopped by Tim Thomas without a rebound.
7:01 of 2nd period - Henrik Sedin wins face-off versus Jordan Staal in Jets zone.
7:06 of 2nd period - Shot by Henrik Sedin.
7:06 of 2nd period - Stopped by Eddie Lack without a rebound.
7:07 of 2nd period - Henrik Sedin wins face-off versus Jordan Staal in BlackHawks zone.
7:15 of 2nd period - Henrik Sedin is hit by Dion Phaneuf and loses puck.
7:32 of 2nd period - Shot by Alex Galchenyuk.
7:32 of 2nd period - Stopped by Tim Thomas without a rebound.
7:33 of 2nd period - Joe Pavelski wins face-off versus Trevor Lewis in Jets zone.
7:33 of 2nd period - Jamie Benn is hit by Brandon Bollig and loses puck.
8:14 of 2nd period - Shot by Joe Pavelski.
8:14 of 2nd period - Stopped by Eddie Lack without a rebound.
8:15 of 2nd period - Jordan Staal wins face-off versus Nick Bonino in BlackHawks zone.
9:35 of 2nd period - Shot by Pascal Dupuis.
9:35 of 2nd period - Stopped by Eddie Lack without a rebound.
9:36 of 2nd period - Trevor Lewis wins face-off versus Joe Pavelski in BlackHawks zone.
9:36 of 2nd period - Trevor Lewis is hit by Troy Brouwer.
9:46 of 2nd period - Shot by Trevor Lewis.
9:46 of 2nd period - Shot Blocked by Nicklas Grossmann.
9:48 of 2nd period - Shot by Kevin Bieksa.
9:48 of 2nd period - Shot Blocked by Nicklas Grossmann.
9:50 of 2nd period - Shot by Trevor Lewis.
9:50 of 2nd period - Stopped by Tim Thomas without a rebound.
9:51 of 2nd period - Zack Smith wins face-off versus Henrik Sedin in Jets zone.
10:52 of 2nd period - Shot by Joe Pavelski.
10:52 of 2nd period - Deflect By Jamie Benn.
10:52 of 2nd period - Shot Misses the Net.
10:54 of 2nd period - Shot by Andre Benoit.
10:54 of 2nd period - Shot Blocked by Matt Greene.
10:56 of 2nd period - Shot by Andre Benoit.
10:56 of 2nd period - The goal is going for a video replay.
10:56 of 2nd period - The goal is good.
10:56 of 2nd period - Goal by Andre Benoit - Jets : 2 - BlackHawks : 2.
10:57 of 2nd period - Joe Pavelski wins face-off versus Jordan Staal in neutral zone.
11:20 of 2nd period - Shot by Alex Galchenyuk.
11:20 of 2nd period - Deflect By Jordan Staal.
11:20 of 2nd period - Stopped by Tim Thomas with a rebound.
11:22 of 2nd period - Shot by Jordan Staal.
11:22 of 2nd period - Stopped by Tim Thomas without a rebound.
11:23 of 2nd period - Lars Eller wins face-off versus Henrik Sedin in Jets zone.
11:32 of 2nd period - Shot by Henrik Sedin.
11:32 of 2nd period - Shot Misses the Net.
11:34 of 2nd period - Shot by Nick Bonino.
11:34 of 2nd period - Stopped by Eddie Lack with a rebound.
11:36 of 2nd period - Shot by Henrik Sedin.
11:36 of 2nd period - Shot Misses the Net.
11:53 of 2nd period - Minor Penalty to Kevin Bieksa for Interference.
11:53 of 2nd period - Minor Penalty to Anders Lee for Interference.
11:54 of 2nd period - Jordan Staal wins face-off versus Joe Pavelski in BlackHawks zone.
12:05 of 2nd period - Shot by Alex Galchenyuk.
12:05 of 2nd period - Stopped by Tim Thomas without a rebound.
12:06 of 2nd period - Jordan Staal wins face-off versus Joe Pavelski in Jets zone.
12:07 of 2nd period - Shot by Dion Phaneuf.
12:07 of 2nd period - Stopped by Tim Thomas without a rebound.
12:08 of 2nd period - Jordan Staal wins face-off versus Joe Pavelski in Jets zone.
12:15 of 2nd period - Shot by Travis Hamonic.
12:15 of 2nd period - Stopped by Tim Thomas with a rebound.
12:23 of 2nd period - Shot by Nick Bonino.
12:23 of 2nd period - Stopped by Eddie Lack without a rebound.
12:24 of 2nd period - Henrik Sedin wins face-off versus Jordan Staal in BlackHawks zone.
12:28 of 2nd period - Henrik Sedin is hit by Dion Phaneuf and loses puck.
12:35 of 2nd period - Shot by Jonathan Ericsson.
12:35 of 2nd period - Shot Misses the Net.
12:37 of 2nd period - Shot by Jamie Benn.
12:37 of 2nd period - Shot Misses the Net.
12:39 of 2nd period - Shot by Jamie Benn.
12:39 of 2nd period - Shot Blocked by Dion Phaneuf.
12:46 of 2nd period - Minor Penalty to Luke Schenn for Tripping.
12:47 of 2nd period - Joe Pavelski wins face-off versus Trevor Lewis in BlackHawks zone.
12:57 of 2nd period - Icing by Kimmo Timonen.
12:58 of 2nd period - Jordan Staal wins face-off versus Joe Pavelski in Jets zone.
13:04 of 2nd period - Icing by Connor Murphy.
13:05 of 2nd period - Joe Pavelski wins face-off versus Jordan Staal in Jets zone.
13:44 of 2nd period - Trevor Lewis is hit by Joe Pavelski and loses puck.
14:04 of 2nd period - Icing by Troy Brouwer.
14:05 of 2nd period - Henrik Sedin wins face-off versus Zack Smith in Jets zone.
14:05 of 2nd period - Troy Brouwer is hit by Eric Nystrom and loses puck.
14:39 of 2nd period - Troy Brouwer is hit by Kevin Bieksa and loses puck.
14:42 of 2nd period - Shot by Andre Benoit.
14:42 of 2nd period - Shot Misses the Net.
14:58 of 2nd period - Shot by Pascal Dupuis.
14:58 of 2nd period - Deflect By Matt Read.
14:58 of 2nd period - Shot Blocked by Luke Schenn.
15:00 of 2nd period - Shot by Pascal Dupuis.
15:00 of 2nd period - Shot Blocked by Alex Galchenyuk.
15:08 of 2nd period - Shot by Pascal Dupuis.
15:08 of 2nd period - Stopped by Eddie Lack without a rebound.
15:09 of 2nd period - Nick Bonino wins face-off versus Nathan Horton in BlackHawks zone.
15:14 of 2nd period - Shot by Josh Bailey.
15:14 of 2nd period - Stopped by Eddie Lack without a rebound.
15:15 of 2nd period - Lars Eller wins face-off versus Joe Pavelski in BlackHawks zone.
15:15 of 2nd period - Lars Eller is hit by Troy Brouwer.
15:21 of 2nd period - Icing by Nathan Horton.
15:22 of 2nd period - Henrik Sedin wins face-off versus Lars Eller in BlackHawks zone.
15:29 of 2nd period - Shot by Anders Lee.
15:29 of 2nd period - Stopped by Eddie Lack with a rebound.
16:15 of 2nd period - Shot by Kevin Bieksa.
16:15 of 2nd period - Shot Misses the Net.
16:17 of 2nd period - Shot by Kevin Bieksa.
16:17 of 2nd period - Stopped by Tim Thomas with a rebound.
16:40 of 2nd period - Shot by Jordan Staal.
16:40 of 2nd period - Shot Misses the Net.
16:42 of 2nd period - Shot by Alex Galchenyuk.
16:42 of 2nd period - Shot Misses the Net.
16:44 of 2nd period - Shot by Matt Greene.
16:44 of 2nd period - Shot Blocked by Connor Murphy.
16:46 of 2nd period - Shot by Alex Galchenyuk.
16:46 of 2nd period - Stopped by Tim Thomas without a rebound.
16:47 of 2nd period - Joe Pavelski wins face-off versus Trevor Lewis in Jets zone.
16:56 of 2nd period - Shot by Jamie Benn.
16:56 of 2nd period - Stopped by Eddie Lack without a rebound.
16:57 of 2nd period - Zack Smith wins face-off versus Joe Pavelski in BlackHawks zone.
17:33 of 2nd period - Shot by Zack Smith.
17:33 of 2nd period - Shot Misses the Net.
18:18 of 2nd period - Shot by Matt Read.
18:18 of 2nd period - Stopped by Eddie Lack without a rebound.
18:19 of 2nd period - Henrik Sedin wins face-off versus Lars Eller in BlackHawks zone.
18:34 of 2nd period - Shot by Luke Schenn.
18:34 of 2nd period - Stopped by Tim Thomas without a rebound.
18:35 of 2nd period - Jordan Staal wins face-off versus Boyd Gordon in Jets zone.
18:38 of 2nd period - Shot by Alex Galchenyuk.
18:38 of 2nd period - Deflect By Jordan Staal.
18:38 of 2nd period - Stopped by Tim Thomas without a rebound.
18:39 of 2nd period - Jared Boll wins face-off versus Joe Pavelski in Jets zone.
18:40 of 2nd period - Shot by Alex Galchenyuk.
18:40 of 2nd period - Stopped by Tim Thomas without a rebound.
18:41 of 2nd period - Nick Bonino wins face-off versus Jordan Staal in Jets zone.
18:51 of 2nd period - Icing by Jared Boll.
18:52 of 2nd period - Henrik Sedin wins face-off versus Jordan Staal in BlackHawks zone.
19:04 of 2nd period - Icing by Kevin Bieksa.
19:05 of 2nd period - Joe Pavelski wins face-off versus Jordan Staal in BlackHawks zone.
19:06 of 2nd period - Shot by Jamie Benn.
19:06 of 2nd period - Stopped by Eddie Lack without a rebound.
19:07 of 2nd period - Henrik Sedin wins face-off versus Lars Eller in BlackHawks zone.
19:47 of 2nd period - Shot by Lars Eller.
19:47 of 2nd period - Shot Blocked by Kimmo Timonen.
Goals for this period are 1 for Jets vs 0 for BlackHawks.
Shots for this period are 13 for Jets vs 19 for BlackHawks.

3rd period


0:01 of 3rd period - Nick Bonino wins face-off versus Jordan Staal in neutral zone.
0:01 of 3rd period - Connor Murphy is hit by Jared Boll and loses puck.
0:11 of 3rd period - Icing by Dion Phaneuf.
0:12 of 3rd period - Jared Boll wins face-off versus Joe Pavelski in BlackHawks zone.
0:12 of 3rd period - Jared Boll is hit by Jamie Benn.
0:29 of 3rd period - Alex Galchenyuk is hit by Jonathan Ericsson and loses puck.
1:45 of 3rd period - Josh Bailey is hit by Matt Greene and loses puck.
2:10 of 3rd period - Shot by Pascal Dupuis.
2:10 of 3rd period - Shot Hit the Post.
2:12 of 3rd period - Shot by Jason Garrison.
2:12 of 3rd period - Goal by Jason Garrison - Jets : 3 - BlackHawks : 2.
2:13 of 3rd period - Zack Smith wins face-off versus Henrik Sedin in neutral zone.
2:13 of 3rd period - Dion Phaneuf is hit by Pascal Dupuis and loses puck.
2:25 of 3rd period - Icing by Nicklas Grossmann.
2:26 of 3rd period - Henrik Sedin wins face-off versus Jordan Staal in Jets zone.
2:28 of 3rd period - Jason Garrison is hit by Jared Boll and loses puck.
2:34 of 3rd period - Pascal Dupuis is hit by Dion Phaneuf and loses puck.
2:35 of 3rd period - Minor Penalty to Dion Phaneuf for Roughing.
2:36 of 3rd period - Zack Smith wins face-off versus Joe Pavelski in BlackHawks zone.
3:06 of 3rd period - Shot by Jamie Benn.
3:06 of 3rd period - Shot Misses the Net.
3:08 of 3rd period - Shot by Kimmo Timonen.
3:08 of 3rd period - Stopped by Eddie Lack without a rebound.
3:09 of 3rd period - Brandon Bollig wins face-off versus Henrik Sedin in BlackHawks zone.
3:32 of 3rd period - Shot by Andre Benoit.
3:32 of 3rd period - Shot Blocked by Travis Hamonic.
3:34 of 3rd period - Shot by Jason Garrison.
3:34 of 3rd period - Stopped by Eddie Lack with a rebound.
3:36 of 3rd period - Shot by Henrik Sedin.
3:36 of 3rd period - Stopped by Eddie Lack without a rebound.
3:37 of 3rd period - Jamie Benn wins face-off versus Zack Smith in BlackHawks zone.
3:40 of 3rd period - Shot by Connor Murphy.
3:40 of 3rd period - Shot Blocked by Matt Greene.
4:31 of 3rd period - Icing by Troy Brouwer.
4:32 of 3rd period - Trevor Lewis wins face-off versus Henrik Sedin in Jets zone.
4:42 of 3rd period - Shot by Pascal Dupuis.
4:42 of 3rd period - Shot Blocked by Douglas Murray.
4:45 of 3rd period - Boyd Gordon is hit by Douglas Murray and loses puck.
4:46 of 3rd period - Minor Penalty to Douglas Murray for Slashing.
4:47 of 3rd period - Henrik Sedin wins face-off versus Brandon Bollig in BlackHawks zone.
6:08 of 3rd period - Shot by Connor Murphy.
6:08 of 3rd period - Shot Misses the Net.
6:10 of 3rd period - Shot by Connor Murphy.
6:10 of 3rd period - Shot Misses the Net.
6:12 of 3rd period - Shot by Joe Pavelski.
6:12 of 3rd period - Deflect By Jamie Benn.
6:12 of 3rd period - Shot Misses the Net.
6:14 of 3rd period - Shot by Kimmo Timonen.
6:14 of 3rd period - Stopped by Eddie Lack with a rebound.
6:18 of 3rd period - Shot by Joe Pavelski.
6:18 of 3rd period - Stopped by Eddie Lack without a rebound.
6:19 of 3rd period - Henrik Sedin wins face-off versus Zack Smith in BlackHawks zone.
6:20 of 3rd period - Shot by Andre Benoit.
6:20 of 3rd period - Shot Blocked by Dion Phaneuf.
7:33 of 3rd period - Icing by Pascal Dupuis.
7:34 of 3rd period - Lars Eller wins face-off versus Boyd Gordon in Jets zone.
8:04 of 3rd period - Icing by Joe Pavelski.
8:05 of 3rd period - Joe Pavelski wins face-off versus Trevor Lewis in Jets zone.
8:30 of 3rd period - Shot by Trevor Lewis.
8:30 of 3rd period - Stopped by Tim Thomas without a rebound.
8:31 of 3rd period - Lars Eller wins face-off versus Henrik Sedin in Jets zone.
8:31 of 3rd period - Dwight King is hit by Nicklas Grossmann and loses puck.
8:52 of 3rd period - Shot by Lars Eller.
8:52 of 3rd period - Shot Misses the Net.
9:12 of 3rd period - Nick Bonino is hit by Lars Eller and loses puck.
9:53 of 3rd period - Alex Galchenyuk is hit by Anders Lee and loses puck.
10:12 of 3rd period - Off-side.
10:13 of 3rd period - Trevor Lewis wins face-off versus Boyd Gordon in neutral zone.
10:23 of 3rd period - Shot by Pascal Dupuis.
10:23 of 3rd period - Stopped by Eddie Lack without a rebound.
10:24 of 3rd period - Lars Eller wins face-off versus Troy Brouwer in BlackHawks zone.
10:24 of 3rd period - Lars Eller is hit by Jamie Benn.
10:27 of 3rd period - Nathan Horton is hit by Jamie Benn and loses puck.
10:31 of 3rd period - Minor Penalty to Andre Benoit for Roughing.
10:32 of 3rd period - Lars Eller wins face-off versus Boyd Gordon in Jets zone.
10:41 of 3rd period - Shot by Dion Phaneuf.
10:41 of 3rd period - Stopped by Tim Thomas without a rebound.
10:42 of 3rd period - Boyd Gordon wins face-off versus Jordan Staal in Jets zone.
11:23 of 3rd period - Shot by Nathan Horton.
11:23 of 3rd period - Stopped by Tim Thomas without a rebound.
11:24 of 3rd period - Boyd Gordon wins face-off versus Lars Eller in Jets zone.
11:49 of 3rd period - Off-side.
11:50 of 3rd period - Jordan Staal wins face-off versus Boyd Gordon in neutral zone.
12:00 of 3rd period - Shot by Jordan Staal.
12:00 of 3rd period - Shot Misses the Net.
12:02 of 3rd period - Shot by Jordan Staal.
12:02 of 3rd period - Stopped by Tim Thomas without a rebound.
12:03 of 3rd period - Jamie Benn wins face-off versus Lars Eller in Jets zone.
12:20 of 3rd period - Shot by Dwight King.
12:20 of 3rd period - Shot Misses the Net.
12:36 of 3rd period - Douglas Murray is hit by Henrik Sedin.
13:04 of 3rd period - Icing by Henrik Sedin.
13:05 of 3rd period - Henrik Sedin wins face-off versus Jordan Staal in Jets zone.
13:16 of 3rd period - Nicklas Grossmann is hit by Jared Boll and loses puck.
14:31 of 3rd period - Minor Penalty to Pascal Dupuis for Hooking.
14:32 of 3rd period - Boyd Gordon wins face-off versus Jordan Staal in Jets zone.
14:32 of 3rd period - Boyd Gordon is hit by Jordan Staal.
14:48 of 3rd period - Shot by Kevin Bieksa.
14:48 of 3rd period - Shot Blocked by Connor Murphy.
14:50 of 3rd period - Shot by Dion Phaneuf.
14:50 of 3rd period - Stopped by Tim Thomas without a rebound.
14:51 of 3rd period - Lars Eller wins face-off versus Matt Read in Jets zone.
14:52 of 3rd period - Shot by Travis Hamonic.
14:52 of 3rd period - Stopped by Tim Thomas without a rebound.
14:53 of 3rd period - Lars Eller wins face-off versus Boyd Gordon in Jets zone.
14:54 of 3rd period - Shot by Travis Hamonic.
14:54 of 3rd period - Shot Misses the Net.
14:56 of 3rd period - Shot by Travis Hamonic.
14:56 of 3rd period - Shot Blocked by Kimmo Timonen.
14:58 of 3rd period - Shot by Dion Phaneuf.
14:58 of 3rd period - Shot Misses the Net.
15:21 of 3rd period - Shot by Dion Phaneuf.
15:21 of 3rd period - Stopped by Tim Thomas without a rebound.
15:22 of 3rd period - Jordan Staal wins face-off versus Boyd Gordon in Jets zone.
16:31 of 3rd period - Shot by Dwight King.
16:31 of 3rd period - Stopped by Tim Thomas with a rebound.
16:33 of 3rd period - Shot by Douglas Murray.
16:33 of 3rd period - Stopped by Tim Thomas without a rebound.
16:34 of 3rd period - Trevor Lewis wins face-off versus Henrik Sedin in Jets zone.
17:44 of 3rd period - Shot by Jordan Staal.
17:44 of 3rd period - Deflect By Alex Galchenyuk.
17:44 of 3rd period - Stopped by Tim Thomas without a rebound.
17:45 of 3rd period - Lars Eller wins face-off versus Boyd Gordon in Jets zone.
18:24 of 3rd period - BlackHawks, Eddie Lack is pulled from the net.
Goals for this period are 1 for Jets vs 0 for BlackHawks.
Shots for this period are 7 for Jets vs 10 for BlackHawks.


Output by the SimonT Hockey Simulator (STHS) for Stephane Roy -- Original Page W3C XHTML 1.0 Valid
Hockey Simulator - Hockey Simulation - Hockey Manager